 Dungeon Crawl Stone Soup version 0.18-a0-1589-g520a787 (webtiles) character file.

79 Oddball22 the Sneak (level 4, 0/33 HPs)
             Began as a Vampire Necromancer on Mar 19, 2016.
             Slain by an orc
             ... wielding a +0 trident
              (3 damage)
             ... on level 3 of the Dungeon.
             The game lasted 00:07:17 (1864 turns).

Oddball22 the Sneak (Vampire Necromancer)           Turns: 1864, Time: 00:07:17

Health: 0/33       AC:  3    Str:  7    XL:     4   Next: 17%
Magic:  7/7        EV: 13    Int: 17    God:
Gold:   62         SH:  0    Dex: 15    Spells: 3 memorised, 2 levels left

rFire  . . .     SeeInvis +     j - +1 dagger (venom)
rCold  + . .     Gourm    .     a - +0 robe
rNeg   + + .     Faith    .     (no shield)
rPois  +         Spirit   .     (no helmet)
rElec  .         Dismiss  .     (no cloak)
rCorr  .         Reflect  .     o - +0 pair of gloves
SustAt .         Harm     .     (no boots)
MR     .....                    (no amulet)
Stlth  +++.......               (no ring)
                                (no ring)

@: regenerating slowly, not resistant to hostile enchantments, fairly stealthy
A: fangs 3, see invisible, unbreathing
a: Bat Form


You were on level 3 of the Dungeon.
You were very thirsty.

You visited 1 branch of the dungeon, and saw 3 of its levels.

You collected 62 gold pieces.

Inventory:

Hand Weapons
 j - a +1 dagger of venom (weapon)
Armour
 a - a +0 robe (worn)
 o - a +0 pair of gloves (worn)
Scrolls
 f - 3 scrolls of remove curse {unknown}
 g - a scroll of magic mapping {unknown}
 h - a scroll of enchant weapon {unknown}
 i - a scroll of teleportation {unknown}
 l - a scroll of random uselessness {unknown}
 n - a scroll of amnesia {unknown}
 p - a scroll of fog {unknown}
Potions
 c - 16 potions of blood
 d - a potion of curing {unknown}
 e - a potion of invisibility {unknown}
 k - a potion of berserk rage {unknown}
 m - 2 potions of heal wounds {unknown}
Books
 b - a book of Necromancy

   Spells                             Type                      Level
   a - Pain                           Necromancy                   1
   b - Animate Skeleton               Necromancy                   1
   c - Vampiric Draining              Necromancy                   3
   d - Regeneration                   Charms/Necromancy            3
   e - Animate Dead                   Necromancy                   4
   f - Control Undead                 Necromancy                   4


   Skills:
 + Level 1.9 Fighting
 + Level 2.9 Dodging
 * Level 5.1 Stealth
 - Level 2.0 Spellcasting
 - Level 4.3 Necromancy


You had 2 spell levels left.
You knew the following spells:

 Your Spells              Type           Power        Failure   Level  Hunger
a - Pain                  Necr           ###.         3%          1    #......
b - Animate Skeleton      Necr           N/A          3%          1    #......
c - Vampiric Draining     Necr           ###.......   12%         3    ###....


Dungeon Overview and Level Annotations

Branches:
Dungeon (3/15)

Altars:
Makhleb
Vehumet

Annotations:
D:3 SirMumm's ghost, weakling HEWz


Innate Abilities, Weirdness & Mutations

You heal slowly.
You have razor-sharp teeth.
You have supernaturally acute eyesight.
You can survive without breathing.


Message History

The orc throws a tomahawk of returning.
The tomahawk of returning hits you.
The weapon returns to the orc!
The orc misses you.
SirMumm's ghost (weakling High Elf Wizard) comes into view.
The orc misses you.
An orc opens the door.
The orc hits you with a whip.
There is an open door here.
You closely miss the orc. The orc hits you with a whip.
You completely miss the orc.
SirMumm's ghost turns its malevolent gaze towards you.
The orc hits you with a trident!
* * * LOW HITPOINT WARNING * * *
SirMumm's ghost casts a spell.
SirMumm's ghost blinks!
The orc hits you but does no damage.
You hit the orc but do no damage.
The orc is poisoned.
The orc closely misses you. The orc hits you with a whip.
* * * LOW HITPOINT WARNING * * *
You hit the orc.
The orc looks even sicker.
The orc is heavily wounded.
The orc hits you with a trident.
You die...

#.#### ##.$..#
#...<###.W...##
###......ยง.....
#........(....
#.............
#.........#+#
#.........#
#######.o.#
#@#.# #o#o#
#o)...# ###.###
... ####


You could see SirMumm's ghost and 3 orcs.

Vanquished Creatures
  An orc wizard (D:3)
  An adder (D:2)
  A worm (D:2)
  A giant gecko (D:1)
  An orc (D:3)
  A ball python (D:2)
  9 bats
  2 giant cockroaches
  4 goblins
  3 hobgoblins
  4 kobolds
  6 giant newts
  8 rats
42 creatures vanquished.

Notes
Turn   | Place    | Note
--------------------------------------------------------------
     0 | D:1      | Oddball22 the Vampire Necromancer began the quest for the Orb.
     0 | D:1      | Reached XP level 1. HP: 13/13 MP: 3/3
   386 | D:1      | Reached XP level 2. HP: 18/20 MP: 1/5
   403 | D:1      | Reached skill level 1 in Fighting
   669 | D:1      | Reached skill level 4 in Stealth
   757 | D:1      | Learned a level 1 spell: Animate Skeleton
  1196 | D:2      | Reached XP level 3. HP: 26/26 MP: 6/6
  1409 | D:2      | Found a radiant altar of Vehumet.
  1646 | D:2      | Found a burning altar of Makhleb.
  1845 | D:3      | Learned a level 3 spell: Vampiric Draining
  1853 | D:3      | Reached skill level 5 in Stealth
  1853 | D:3      | Reached XP level 4. HP: 33/33 MP: 7/7
  1859 | D:3      | Noticed SirMumm's ghost (weakling HEWz)
  1864 | D:3      | Slain by an orc

Vault maps used:
D:1:      mainiacjoe_arrival_reflecting_pool, minmay_misc_feat_roman
D:2:      lightli_temple_of_fire, vehumet_crystals
D:3:      minitemple, first_bread, ecumenical_altar_2

Skill      XL: |  1  2  3 |
---------------+----------+-----
Fighting       | 1 |  1.9
Stealth        | 4 5 |  5.1
Dodging        | |  2.9
Spellcasting   | |  2.0
Necromancy     | |  4.3

Action                   |  1- 3 |  4- 6 || total
-------------------------+-------+-------++-------
Melee: Dagger            |    61 |     6 ||    67
 Cast: Pain              |    17 |       ||    17
 Stab: Sleeping          |    12 |       ||    12
